 Dungeon Crawl Stone Soup version 0.30.0-17-ge0270778cf (webtiles) character file.

Game seed: 11471088793616116126

5832 Sabo the Fighter (level 10, -8/112 (117) HPs)
             Began as an Ogre Gladiator on May 21, 2023.
             Was a High Priest of Okawaru.
             Mangled by a killer bee (13 damage)
             ... on level 10 of the Dungeon.
             The game lasted 01:01:42 (10515 turns).

Sabo the Fighter (Ogre Gladiator)                  Turns: 10515, Time: 01:01:43

HP:   -8/112 (117)  AC:  8    Str: 22    XL:     10   Next: 80%
MP:   19/19         EV:  8    Int:  9    God:    Okawaru [*****.]
Gold: 446           SH: 11    Dex: 12    Spells: 9/9 levels left

rFire   + + .        L - +7 morningstar (freeze)
rCold   + . .        i - +0 tower shield
rNeg    . . .        K - +0 acid dragon scales
rPois   +            c - +0 hat
rElec   +            C - +0 cloak
rCorr   +            (gloves unavailable)
SInv    .            (boots unavailable)
Will    +....        s - amulet of regeneration
Stlth   ++           l - ring of magical power
HPRegen 1.18/turn    j - ring of protection from fire
MPRegen 0.16/turn

%: no passive effects
@: lethally poisoned (-8 -> -27), resistant, lightly drained
A: large, unfitting armour, tough skin 1
a: Renounce Religion, Heroism, Finesse, Duel


You were on level 10 of the Dungeon.
You worshipped Okawaru.
Okawaru was extremely pleased with you.
You visited 1 branch of the dungeon, and saw 10 of its levels.

You collected 646 gold pieces.
You spent 200 gold pieces at shops.

Inventory:

Hand Weapons
 o - the +5 woodcutter's axe
   (You found it on level 2 of the Dungeon)
 p - a +0 sling of flaming
 y - a +2 dagger of holy wrath
 D - a +2 dire flail of protection
 G - a +4 scimitar
 H - the +3 morningstar "Runlielo" {freeze, Fragile rPois rN+++}
   (You found it on level 7 of the Dungeon)

   rPois:     It protects you from poison.
   rN:        It renders you almost immune to negative energy.
   Fragile:   It will be destroyed if unequipped.
 L - a +7 morningstar of freezing (weapon)
Missiles
 d - 4 throwing nets
 e - 6 large rocks (quivered)
 h - a silver boomerang
 m - 17 poisoned darts
 u - 8 boomerangs
Armour
 a - a scarf of invisibility
 c - a +0 hat (worn)
 i - a +0 tower shield (worn)
 C - a +0 cloak (worn)
 K - +0 acid dragon scales (worn)
Jewellery
 j - a ring of protection from fire (right hand)
 l - a ring of magical power (left hand)
 s - an amulet of regeneration (around neck)
Wands
 n - a wand of flame (19)
 t - a wand of roots (8)
 B - a wand of mindburst (19)
 J - a wand of light (6)
Scrolls
 b - 2 scrolls of fear
 f - 6 scrolls of teleportation
 q - a scroll of fog
 v - 2 scrolls of poison
Potions
 g - a potion of lignification
 r - a potion of resistance
 w - 2 potions of flight
 x - a potion of haste
 z - 2 potions of might
 A - 2 potions of heal wounds {unknown}
 E - a potion of cancellation {unknown}
 F - 2 potions of brilliance {unknown}


   Skills:
 + Level 12.5 Fighting
 + Level 1.7 Short Blades
 + Level 8.0(8.4) Axes
 + Level 3.1(5.6) Maces & Flails
 + Level 2.3 Throwing
 + Level 2.4 Armour
 + Level 6.6 Dodging
 + Level 4.1 Stealth
 + Level 1.9 Shields
 + Level 0.1 Invocations


You had 9 spell levels left.
You didn't know any spells.
Your spell library contained the following spells:

 Spells                   Type           Power      Damage    Failure   Level
 Apportation              Tloc           0%         N/A       98%         1
 Necrotise                Necr           0%         1d4       98%         1
 Cigotuvi's Dreadful Rot  Necr/Pois/Air  0%         N/A       99%         2
 Ozocubu's Armour         Ice            0%         N/A       100%        3
 Dispel Undead            Necr           0%         3d6       100%        4
 Leda's Liquefaction      Hex/Erth       0%         N/A       100%        4
 Manifold Assault         Tloc           0%         N/A       100%        4
 Fireball                 Conj/Fire      0%         3d3       100%        5
 Iskenderun's Battlesphe  Conj           0%         2d6       100%        5
 Lee's Rapid Deconstruct  Erth           0%         3d4*      100%        5
 Metabolic Englaciation   Hex/Ice        0%         N/A       100%        5
 Conjure Ball Lightning   Conj/Air       0%         3x3d6     100%        6
 Dispersal                Tloc           0%         N/A       100%        6
 Statue Form              Tmut/Erth      0%         N/A       100%        6
 Orb of Destruction       Conj           0%         9d5       100%        7
 Disjunction              Tloc           0%         N/A       100%        8
 Summon Small Mammal      Summ           Unusable   N/A       N/A         1
 Death Channel            Necr           Unusable   N/A       N/A         6
 Simulacrum               Ice/Necr       Unusable   N/A       N/A         6

Dungeon Overview and Level Annotations

Branches:
Dungeon (10/15)            Temple (0/1) D:6            Lair (0/5) D:9
    Orc: D:9-12

Altars:
Dithmenos
Okawaru
Ru

Shops:
D:1 [   D:4 ?   D:5 :


Innate Abilities, Weirdness & Mutations

You are too large for most types of armour.
You have tough skin. (AC +1)


Message History

You hear an angry buzzing noise.
The killer bee attacks as you move away!
The killer bee closely misses you.
You feel sick.
The killer bee rages.
The killer bee stings you! x3
You are more poisoned.
The killer bee poisons you! The killer bee stings you!
You are more poisoned.
The killer bee poisons you!
The killer bee attacks as you move away!
The killer bee barely misses you.
You feel very sick.
The killer bee rages.
The killer bee barely misses you. You block the killer bee's attack.
The killer bee stings you!
You are more poisoned.
The killer bee poisons you! The killer bee stings you.
You are more poisoned.
The killer bee poisons you!
Items here: ))) [ †.
The killer bee attacks as you move away!
The killer bee stings you!
* * * LOW HITPOINT WARNING * * *
You are lethally poisoned!
The killer bee poisons you!
* * * LOW HITPOINT WARNING * * *
You feel extremely sick. The killer bee stings you!
* * * LOW HITPOINT WARNING * * *
The killer bee stings you.
* * * LOW HITPOINT WARNING * * *
The killer bee closely misses you.
Things that are here:
a +0 whip; a +0 leather armour You feel protected.
* * * LOW HITPOINT WARNING * * *
You feel extremely sick.
The killer bee stings you but does no damage.
You block the killer bee's attack. x2; The killer bee stings you!
You die...

#. #.##..#.. #.##.##
#.##..#.# #.#...##
##.##..#.# . ###......##
#......#.###.#
..........##
#..#....(....#
#.........###..#..#.....
#.......)yy....#..#..#
#........yy..y.......#
#..:....@###....:#..#
##......)# #..#.##....y
.###....#..#
#..#.....##y#
..$......>.###..####.##
yy
.###..#..............##
† #.........###..###...#
###..................#
#.....^.....<###.###
##.......##.##


You could see a queen bee and 4 killer bees.

Vanquished Creatures
  A two-headed ogre (D:9)
  Joseph (D:8)
  Maggie (D:7)
  A hornet (D:7)
  A wraith (D:5)
  A wyvern (D:9)
  A steam dragon (D:8)
  An acid dragon (D:8)
  Edmund (D:5)
  A black bear (D:9)
  3 orc warriors
  2 ice beasts
  3 sky beasts (D:7)
  An ogre (D:6)
  4 centaurs
  4 bullfrogs
  2 gnoll sergeants
  A kobold brigand (D:9)
  Blork the orc (D:4)
  5 scorpions
  10 wights
  4 killer bees
  A howler monkey (D:8)
  A hound (D:5)
  A jelly (D:6)
  2 gnoll boudas
  5 orc priests
  Ijyb (D:4)
  5 iguanas
  10 orc wizards
  17 gnolls
  6 adders
  2 shadow imps
  2 white imps
  4 worms
  4 dart slugs
  50 orcs
  6 endoplasms
  3 giant cockroaches
  7 hobgoblins
  7 jackals
  15 kobolds
  3 quokkas
  3 ball pythons
  A bat (D:3)
  2 frilled lizards
  7 goblins
  3 rats
218 creatures vanquished.

Notes
Turn   | Place    | Note
-------+----------+-------------------------------------------
     0 | D:1      | Sabo the Ogre Gladiator began the quest for the Orb.
     0 | D:1      | Reached XP level 1. HP: 22/22 MP: 1/1
   230 | D:1      | Found Inouh's Antique Armour Shop.
   385 | D:1      | Reached XP level 2. HP: 26/29 MP: 2/2
   585 | D:1      | Found a faded altar of an unknown god.
   603 | D:1      | Prayed at the altar of an unknown god.
   603 | D:1      | Became a worshipper of Warmaster Okawaru
   603 | D:1      | Reached * piety under Okawaru
   722 | D:1      | Reached skill level 1 in Short Blades
   941 | D:2      | Reached skill level 3 in Fighting
   941 | D:2      | Reached XP level 3. HP: 37/37 MP: 3/3
   960 | D:2      | Found the +5 woodcutter's axe
  1359 | D:2      | Reached XP level 4. HP: 41/45 MP: 4/4
  2872 | D:3      | Reached XP level 5. HP: 54/54 MP: 5/5
  3175 | D:4      | Reached ** piety under Okawaru
  3180 | D:4      | Reached skill level 4 in Fighting
  3231 | D:4      | Found Xiliyntue's Magic Scroll Shoppe.
  3284 | D:4      | Noticed Blork the orc
  3294 | D:4      | Killed Blork the orc
  3295 | D:4      | Reached skill level 5 in Fighting
  3295 | D:4      | Reached XP level 6. HP: 13/66 MP: 6/6
  3511 | D:4      | Reached skill level 1 in Stealth
  3530 | D:4      | Noticed Ijyb
  3556 | D:4      | Killed Ijyb
  3926 | D:4      | Reached XP level 7. HP: 63/74 MP: 7/7
  4079 | D:4      | Reached skill level 6 in Fighting
  4109 | D:5      | Entered Level 5 of the Dungeon
  4109 | D:5      | Noticed a wraith
  4331 | D:1      | Bought an embroidered scarf for 200 gold pieces
  4530 | D:5      | Reached skill level 5 in Axes
  4577 | D:5      | Found Umookk's Tremendous Tomes.
  4584 | D:5      | Reached *** piety under Okawaru
  4599 | D:5      | Killed a wraith
  4599 | D:5      | Received a gift from Okawaru
  4646 | D:5      | Reached skill level 7 in Fighting
  4776 | D:5      | Reached XP level 8. HP: 82/87 MP: 8/8
  4947 | D:5      | Noticed Edmund
  4959 | D:5      | Killed Edmund
  5129 | D:5      | Found a shadowy altar of Dithmenos.
  5432 | D:5      | Reached skill level 8 in Fighting
  5681 | D:6      | Found a staircase to the Ecumenical Temple.
  5859 | D:6      | Reached skill level 9 in Fighting
  5946 | D:6      | Reached skill level 5 in Dodging
  6387 | D:7      | Reached **** piety under Okawaru
  6469 | D:7      | Noticed Maggie
  6475 | D:7      | Killed Maggie
  6476 | D:7      | Reached XP level 9. HP: 101/101 MP: 9/9
  6770 | D:7      | Identified the +3 morningstar "Runlielo" {freeze, Fragile
                  | rPois rN+++}
  6833 | D:7      | Reached skill level 10 in Fighting
  7368 | D:7      | Found a sacrificial altar of Ru.
  7657 | D:7      | Noticed a hornet
  7663 | D:7      | Paralysed by a hornet for 2 turns
  7669 | D:7      | Paralysed by a hornet for 1 turns
  7678 | D:7      | Killed a hornet
  7683 | D:7      | Reached ***** piety under Okawaru
  7975 | D:8      | Reached skill level 11 in Fighting
  8485 | D:8      | Noticed Joseph
  8503 | D:8      | Killed Joseph
  8503 | D:8      | Received a gift from Okawaru
  8504 | D:8      | Reached XP level 10. HP: 57/115 MP: 10/10
  8856 | D:8      | Reached skill level 12 in Fighting
  9167 | D:9      | Noticed a two-headed ogre
  9224 | D:9      | Killed a two-headed ogre
  9225 | D:9      | Reached skill level 1 in Maces & Flails
  9225 | D:9      | Reached skill level 1 in Armour
  9324 | D:9      | Reached skill level 1 in Shields
  9620 | D:9      | Found a staircase to the Lair.
 10423 | D:10     | Entered Level 10 of the Dungeon
 10515 | D:10     | HP: 5/112 [poisoned by a killer bee]
 10515 | D:10     | Mangled by a killer bee

Illustrated notes

Levels and vault maps discovered:
D:1:      dreamdust_arrival_beginning_and_end, layout_rooms, serial_shops, shop,
          hellmonk_ecumenical_altar_zigzags, minmay_fountain_box
D:2:      layout_basic, nicolae_kite_square_tiling_tiny
D:3:      layout_basic
D:4:      minmay_wonky_spiral, layout_rooms, serial_shops, shop, uniq_ijyb,
          uniq_blork_the_orc
D:5:      layout_basic, kennysheep_mini_moat, nicolae_shop_i_like_big_books,
          minmay_misc_feat_plants, uniq_edmund
D:6:      layout_gridville, minmay_temple_entry_drinking_statues
D:7:      layout_basic, nicolae_ru_path_of_blood, uniq_maggie
D:8:      layout_gridville, uniq_joseph
D:9:      layout_gridville, grunt_lair_entry_orc_guard_hut
D:10:     layout_loops_ring, gammafunk_temple_overflow_forgotten,
          hiddenorc2_lemuel, gammafunk_ghost_ooze, special_room
          [special_room_bee], serial_shops, shop

Skill      XL: |  1  2  3  4  5  6  7  8  9 10 |
---------------+-------------------------------+-----
Short Blades   | 1 |  1.7
Fighting       | 3 5 7 9 11 12 | 12.5
Dodging        | 3 4 5 6 |  6.6
Axes           | 4 5 6 7 8 |  8.0
Stealth        | 1 2 3 4 |  4.1
Maces & Flails | 3 |  3.1
Armour         | 2 |  2.4
Shields        | 1 |  1.9
Throwing       | |  2.3
Invocations    | |  0.1

Action                     |  1- 3 |  4- 6 |  7- 9 | 10-12 || total
---------------------------+-------+-------+-------+-------++-------
  Melee: Short sword       |    55 |       |       |       ||    55
         War axe           |     9 |       |       |       ||     9
         Battleaxe         |    21 |   135 |   238 |    22 ||   416
         Morningstar       |       |       |       |    96 ||    96
  Throw: Large rock        |       |       |     1 |       ||     1
 Invoke: Heroism           |       |       |     1 |       ||     1
    Use: Scroll            |       |     6 |     8 |     4 ||    18
         Potion            |       |     1 |     2 |     2 ||     5
   Stab: Sleeping          |       |       |     2 |     1 ||     3
 Armour: Robe              |    34 |    32 |    13 |       ||    79
         Skin              |       |       |     5 |    35 ||    40
         Steam dragon scal |       |       |    25 |       ||    25
         Acid dragon scale |       |       |       |    57 ||    57
  Dodge: Dodged            |    52 |    66 |   107 |    71 ||   296
  Block: Tower shield      |       |       |       |   102 ||   102
